 Dungeon Crawl Stone Soup version 0.17-a0-913-g36eb389 (webtiles) character file.

86 hornqvist the Shield-Bearer (level 4, 0/35 HPs)
             Began as a Formicid Fighter on May 3, 2015.
             Succumbed to an adder's poison
             ... on level 3 of the Dungeon.
             The game lasted 00:01:30 (1929 turns).

hornqvist the Shield-Bearer (Formicid Fighter)      Turns: 1929, Time: 00:01:30

Health: 0/35       AC:  6    Str: 22    XL:     4   Next: 77%
Magic:  4/4        EV:  8    Int:  7    God:
Gold:   142        SH:  9    Dex: 10    Spells: 0 memorised, 3 levels left

rFire  . . .     SeeInvis +     a - +0 war axe
rCold  . . .     Clarity  .     b - +0 scale mail
rNeg   . . .     SustAb   .     c - +0 shield
rPois  .         Gourm    .     (helmet unavailable)
rElec  .         Spirit   .     (no cloak)
rCorr  .         Warding  .     (no gloves)
rMut   .         Stasis   +     (no boots)
MR     .....                    (no amulet)
Stlth  ..........               (no ring)
                                (no ring)

@: lethally poisoned (0 -> -2), not resistant to hostile enchantments, extremely
unstealthy
A: permanent stasis, dig shafts and tunnels, four strong arms, antennae 3
a: Dig, Shaft Self


You were on level 3 of the Dungeon.
You were hungry.

You visited 1 branch of the dungeon, and saw 3 of its levels.

You collected 142 gold pieces.

Inventory:

Hand weapons
 a - a +0 war axe (weapon)
Armour
 b - a +0 scale mail (worn)
 c - a +0 shield (worn)
Jewellery
 j - an uncursed ring of ice
Magical devices
 t - a wand of hasting (5)
Scrolls
 f - 4 scrolls of identify {unknown}
 g - a scroll of random uselessness {unknown}
 h - a scroll of fog {unknown}
 n - a scroll of magic mapping {unknown}
 o - a scroll of amnesia {unknown}
 p - 3 scrolls of remove curse {unknown}
 q - 2 scrolls of teleportation {unknown}
 s - a scroll of immolation {unknown}
Potions
 d - a potion of might
 l - a potion of agility {unknown}
 r - a potion of haste {unknown}
 u - a potion of curing {unknown}
Comestibles
 e - 2 bread rations
 i - 3 fruits
 k - 2 chunks of flesh
 m - 2 meat rations


   Skills:
 - Level 3.2 Fighting
 * Level 3.5 Axes
 - Level 3.2 Armour
 + Level 1.8 Dodging
 + Level 4.1 Shields


You had 3 spell levels left.
You didn't know any spells.

Dungeon Overview and Level Annotations

Branches:
Dungeon (3/15)

Altars:
Fedhas


Innate Abilities, Weirdness & Mutations

You are under a permanent stasis effect.
You can dig through walls and to a lower floor.
Your four strong arms can wield two-handed weapons with a shield.
You have a pair of large antennae on your head (SInv).


Message History

You are too injured to fight recklessly!
You are too injured to fight recklessly!
You are too injured to fight recklessly!
You closely miss the hound.
You feel sick. The hound bites you.
* * * LOW HITPOINT WARNING * * *
The hound stops to sniff the ground.
The hound barely misses you.
You take 4 damage, and have 6/35 hp.
You hit the hound. The hound closely misses you. You block the hound's attack.
You hit the hound.
You feel sick. The hound bites you but does no damage.
The hound barely misses you.
You take 1 damage, and have 5/35 hp.
You hit the hound. The hound closely misses you.
The hound bites you but does no damage.
You hit the hound but do no damage. The hound bites you but does no damage.
The hound bites you.
* * * LOW HITPOINT WARNING * * *
You take 4 damage, and have 1/35 hp.
You hit the hound.
You die...

##..#
###..#######
#..........#
#.##.####....#
#.....# #
!#######.#.###
..............#
#######.###†.#
#...h@..# #>.#
#.####### #..#
#..# #..# #..#
.... ####


You could see a hound.

Vanquished Creatures
  4 adders
  3 worms
  A giant gecko (D:1)
  4 giant cockroaches
  7 goblins
  3 hobgoblins
  2 jackals (D:2)
  6 kobolds
  A quokka (D:2)
  3 bats
  A giant newt (D:2)
  4 rats
39 creatures vanquished.

Notes
Turn   | Place    | Note
--------------------------------------------------------------
     0 | D:1      | hornqvist, the Formicid Fighter, began the quest for the Orb.
     0 | D:1      | Reached XP level 1. HP: 18/18 MP: 1/1
   583 | D:1      | Reached XP level 2. HP: 24/24 MP: 2/2
   873 | D:1      | Reached skill level 1 in Dodging
  1073 | D:2      | Reached XP level 3. HP: 22/29 MP: 3/3
  1074 | D:2      | Found a blossoming altar of Fedhas.
  1371 | D:2      | Reached skill level 4 in Shields
  1371 | D:2      | Reached XP level 4. HP: 32/35 MP: 4/4
  1928 | D:3      | HP: 1/35 [hound (4)]
  1929 | D:3      | Succumbed to an adder's poison

Action                   |  1- 3 |  4- 6 || total
-------------------------+-------+-------++-------
Melee: War axe           |   104 |    54 ||   158
  Eat: Chunk             |     2 |     1 ||     3
